 Dungeon Crawl Stone Soup version 0.26.0-16-gc1dbca0489 (webtiles) character file.

Game seed: 10371664958435378950

303 Eitelfritz the Slasher (level 6, 0/46 (55) HPs)
             Began as a Hill Orc Fighter on Jan 17, 2021.
             Slain by Blork the orc
             ... wielding a +0 dire flail of draining
              (8 damage)
             ... on level 4 of the Dungeon.
             The game lasted 00:09:22 (3312 turns).

Eitelfritz the Slasher (Hill Orc Fighter)           Turns: 3312, Time: 00:09:23

HP:   0/46 (55)     AC: 10    Str: 20    XL:     6   Next: 38%
MP:   6/6           EV:  8    Int:  9    God:
Gold: 156           SH:  0    Dex: 10    Spells: 5/5 levels left

rFire    . . .     SeeInvis .   a - +1 long sword
rCold    . . .     Faith    .   (no shield)
rNeg     . . .     Spirit   .   B - +0 chain mail
rPois    +         Reflect  .   v - +0 helmet
rElec    .         Harm     .   (no cloak)
rCorr    .         Rampage  .   (no gloves)
Will     +....                  (no boots)
Stlth    ..........             (no amulet)
HPRegen  0.15/turn              y - ring of poison resistance
MPRegen  0.10/turn              q - ring of willpower

@: heavily drained
A: no striking features
a: no special abilities


You were on level 4 of the Dungeon.
You visited 1 branch of the dungeon, and saw 4 of its levels.

You collected 156 gold pieces.

Inventory:

Hand Weapons
 a - a +1 long sword (weapon)
 b - a +2 spear of freezing
Missiles
 e - 59 poisoned darts (quivered)
Armour
 c - a +0 kite shield
 p - a +0 plate armour
 v - a +0 helmet (worn)
 B - a +0 chain mail (worn)
Jewellery
 q - a ring of willpower (right hand)
 u - an uncursed ring of positive energy
 y - a ring of poison resistance (left hand)
Wands
 z - a wand of enslavement (12)
 C - a wand of polymorph (4)
 D - a wand of random effects (21)
Scrolls
 k - 3 scrolls of remove curse
 l - a scroll of identify
 n - a scroll of fog
 x - a scroll of teleportation
Potions
 d - 2 potions of might
 g - 4 potions of curing
 h - a potion of attraction
 i - 2 potions of heal wounds
 m - a potion of cancellation
 r - a potion of lignification
 t - a potion of resistance
 A - a potion of magic


   Skills:
 + Level 4.8 Fighting
 + Level 4.8 Long Blades
 + Level 4.8 Armour
 + Level 0.8 Dodging
 + Level 0.6 Stealth
 + Level 3.6 Shields


You had 5 spell levels left.
You didn't know any spells.
Your spell library was empty.

Dungeon Overview and Level Annotations

Branches:
Dungeon (4/15)
 Temple: D:4-7

Altars:
Zin

Annotations:
D:4 Blork the orc


Message History

Blork the orc barely misses you.
You barely miss Blork the orc.
Blork the orc is severely wounded.
Blork the orc barely misses you. Blork the orc casts a spell at you.
The magic dart hits you.
* * * LOW HITPOINT WARNING * * *
You feel much better.
Blork the orc hits you with a +0 dire flail of draining.
You feel drained.
You closely miss Blork the orc.
Blork the orc is severely wounded.
Blork the orc hits you with a +0 dire flail of draining!
* * * LOW HITPOINT WARNING * * *
You feel drained.
* * * LOW HITPOINT WARNING * * *
You hit Blork the orc.
Blork the orc is almost dead.
Blork the orc hits you with a +0 dire flail of draining!
You die...

.........###
>..........##
........... .
#......##### ..
###......<...# .
...##.........#...# .
.....................
.
$..............#.#...
. ......o@.....#.# #
## ......#......#...
.##.. ##...#....##
... ##..#..#.. ...
#.....#... .. .......
. #...## #...


You could see Blork the orc.

Vanquished Creatures
  An orc wizard (D:2)
  An orc priest (D:2)
  Ijyb (D:3)
  Natasha (twice) (D:3)
  Robin (D:3)
  3 adders
  3 gnolls (D:3)
  An ooze (D:2)
  2 worms (D:3)
  5 dart slugs
  3 leopard geckos
  An orc (D:2)
  A giant cockroach (D:3)
  14 goblins
  10 hobgoblins
  3 jackals (D:1)
  7 kobolds
  2 quokkas (D:3)
  A ball python (D:1)
  A bat (D:1)
  2 frilled lizards (D:1)
  A rat (D:2)
66 creatures vanquished.

Vanquished Creatures (others)
  Natasha (D:3)
  A worm (D:2)
  A frilled lizard (D:2)
3 creatures vanquished.

Grand Total: 69 creatures vanquished

Notes
Turn   | Place    | Note
-------+----------+-------------------------------------------
     0 | D:1      | Eitelfritz the Hill Orc Fighter began the quest for the
                  | Orb.
     0 | D:1      | Reached XP level 1. HP: 19/19 MP: 1/1
   128 | D:1      | Reached XP level 2. HP: 26/27 MP: 2/2
   473 | D:1      | Reached XP level 3. HP: 21/33 MP: 3/3
  1020 | D:2      | Reached XP level 4. HP: 13/41 MP: 4/4
  1269 | D:2      | Found a glowing silver altar of Zin.
  1337 | D:2      | Reached XP level 5. HP: 28/47 MP: 5/5
  1545 | D:2      | You fall into a shaft and drop 2 floors!
  1627 | D:3      | Noticed Robin
  1864 | D:3      | Killed Robin
  2216 | D:3      | Noticed Natasha
  2225 | D:3      | Killed Natasha
  2311 | D:3      | Noticed Ijyb
  2352 | D:3      | Killed Ijyb
  2353 | D:3      | Reached XP level 6. HP: 46/48 MP: 6/6
  2806 | D:3      | Noticed Natasha
  2817 | D:3      | Killed Natasha
  3141 | D:3      | Noticed Natasha
  3149 | D:3      | Killed Natasha
  3296 | D:4      | Noticed Blork the orc
  3312 | D:4      | Slain by Blork the orc

Illustrated notes

Levels and vault maps discovered:
D:1:      mrwooster_arrival_statue_3, layout_loops_ring, minmay_pentomino_u4
D:2:      layout_basic, general_overflow_altar, lemuel_another_geyser
D:3:      layout_loops_ring, uniq_natasha, uniq_ijyb, uniq_robin
D:4:      layout_cave_pools, minmay_temple_entry_ruins, led_sif_pool,
          uniq_blork_the_orc

Skill      XL: |  1  2  3  4  5 |
---------------+----------------+-----
Fighting       | 4 |  4.8
Long Blades    | 3 4 |  4.8
Armour         | 4 |  4.8
Dodging        | |  0.8
Stealth        | |  0.6
Shields        | |  3.6

Action                   |  1- 3 |  4- 6 || total
-------------------------+-------+-------++-------
Melee: Long sword        |    87 |   136 ||   223
Throw: Dart              |       |     4 ||     4
  Use: Scroll            |       |    12 ||    12
       Potion            |       |     1 ||     1
Armor: Scale mail        |    41 |    55 ||    96
       Chain mail        |       |    20 ||    20
Dodge: Dodged            |    47 |    57 ||   104
       Rpst.: Long sword |    10 |    14 ||    24
